[Event "Titled Tuesday Blitz July 4 Early 2023"]
[White "Papasimakopoulos, Alexandros"]
[Black "Bruedigam, Martin"]
[WhiteFideId "4244125"]
[BlackFideId "24608033"]
[WhiteElo "2690"]
[BlackElo "2557"]
[Result "0-1"]
[Round "9"]
[TimeControl "180+2"]
[Date "2023.07.04"]
[WhiteClock "0:00:17"]
[BlackClock "0:00:18"]
[Board "47"]

1. d4 Nf6 2. c4 e6 3. Nc3 Bb4 4. Qc2 d6 5. a3 Bxc3+ 6. Qxc3 O-O 7. f3 c5 8. dxc5 dxc5 9. Bf4 Qe7 10. Rd1 Rd8 11. Rxd8+ Qxd8 12. e3 b6 13. Bd3 Bb7 14. Ne2 Nbd7 15. O-O Qe7 16. Ng3 h6 17. e4 e5 18. Be3 Qe6 19. b4 Rc8 20. Nf5 Kh7 21. Be2 Ng8 22. Rd1 Nf8 23. bxc5 bxc5 24. Qa5 Qb6 25. Qc3 f6 26. Nd6 Rd8 27. Nb5 Rxd1+ 28. Bxd1 Ne6 29. a4 a6 30. Na3 Ne7 31. a5 Qc7 32. Nb1 Nc6 33. Ba4 Nxa5 34. Nd2 Bc6 35. Bd1 Bd7 36. Qa3 Qb6 37. Kf2 Nd4 38. f4 Nac6 39. fxe5 fxe5 40. h3 Be6 41. Bg4 a5 42. Bxe6 Nxe6 43. Nb3 Ncd4 44. Nxd4 cxd4 45. Bd2 Qc6 46. Qxa5 Qxe4 47. Qb6 Nf4 48. Bxf4 Qxf4+ 49. Ke2 Qe4+ 50. Kf2 Qe3+ 51. Kf1 e4 52. Qe6 Qf4+ 53. Ke1 d3 54. Qg4 Qxg4 55. hxg4 Kg6 56. c5 Kf7 57. c6 Ke7 58. Kd2 Kd6 59. Ke3 Kxc6 60. Kxe4 d2 61. Kf5 d1=Q 62. Kg6 Qxg4+ 0-1


[Site "https://www.chess.com"]

[Event "Titled Tuesday Blitz July 4 Early 2023"]
[White "Besedes, Danilo"]
[Black "Fromm, Marius"]
[WhiteFideId "946796"]
[BlackFideId "12993190"]
[WhiteElo "2545"]
[BlackElo "2689"]
[Result "0-1"]
[Round "9"]
[TimeControl "180+2"]
[Date "2023.07.04"]
[WhiteClock "0:01:08"]
[BlackClock "0:01:35"]
[Board "48"]

1. b3 e5 2. Bb2 Nc6 3. e3 Nf6 4. Bb5 Bd6 5. Ne2 O-O 6. Nbc3 Re8 7. Ng3 Bf8 8. O-O d5 9. Nce2 Bd7 10. f4 e4 11. a4 a6 12. Bxc6 Bxc6 13. Nf5 Bd7 14. Neg3 c5 15. Be5 g6 16. Nd6 Bxd6 17. Bxd6 Bg4 0-1


[Site "https://www.chess.com"]

[Event "Titled Tuesday Blitz July 4 Early 2023"]
[White "Koshulyan, Egor A."]
[Black "Shubenkova, Veronika"]
[WhiteFideId "24237000"]
[BlackFideId "44124040"]
[WhiteElo "2687"]
[BlackElo "2524"]
[Result "1/2-1/2"]
[Round "9"]
[TimeControl "180+2"]
[Date "2023.07.04"]
[WhiteClock "0:00:26"]
[BlackClock "0:00:17"]
[Board "49"]

1. e4 c6 2. Nf3 d5 3. d3 dxe4 4. Ng5 Nf6 5. Nc3 e6 6. Ngxe4 Be7 7. g3 O-O 8. Bg2 b6 9. O-O Bb7 10. Bf4 Nbd7 11. Qe2 Nxe4 12. Nxe4 Nf6 13. Rad1 Nd5 14. Bc1 Qd7 15. c4 Nf6 16. b3 c5 17. Bb2 Nxe4 18. dxe4 Qc6 19. Qg4 f6 20. Bh3 Kf7 21. Qh5+ Kg8 22. Qg4 Kf7 23. Bg2 Kg8 24. h4 Rf7 25. h5 f5 26. Qe2 fxe4 27. h6 Bf6 28. hxg7 Bxg7 29. Rde1 Raf8 30. Bxg7 Rxg7 31. Bxe4 Qxe4 32. Qxe4 Bxe4 33. Rxe4 Rf6 34. Rd1 Kf7 35. Rd7+ Kf8 36. Rd2 Rgf7 37. Re3 Rg6 38. Rd8+ Ke7 39. Red3 Rgg7 40. R8d7+ Ke8 41. R7d6 Ke7 42. Kg2 h5 43. Kf1 Rh7 44. Ke2 Kf6 45. Re3 Re7 46. f4 h4 47. gxh4 Rxh4 48. Kf3 Rh3+ 49. Ke4 Rxe3+ 50. Kxe3 Kf5 51. Rd8 e5 52. Rf8+ Ke6 53. fxe5 Kxe5 54. Kd3 Rd7+ 55. Kc3 Kd6 56. Rf2 Kc7 57. a3 Rh7 58. Rf3 a5 59. Kd3 Kc6 60. Rf6+ Kb7 61. Rf3 Rd7+ 62. Kc3 Ka6 63. b4 axb4+ 64. axb4 cxb4+ 65. Kxb4 Kb7 66. Kb5 Rc7 67. Rf6 Rc5+ 68. Kb4 Rc7 69. Rf5 Ka6 70. Rf1 Rc5 71. Ra1+ Kb7 72. Rh1 Ka6 73. Rh6 Kb7 74. Rg6 Rf5 75. Rg7+ Ka6 76. Rg6 Kb7 77. Re6 Ka6 78. Rd6 Rc5 79. Re6 Rf5 80. Kc3 Kb7 81. Kd4 Rc5 82. Rd6 Kc7 83. Rh6 Kb7 84. Rh7+ Ka6 85. Rd7 Rg5 86. Rd5 Rxd5+ 87. cxd5 Kb7 88. Ke5 Kc7 89. Ke6 Kd8 90. Kd6 b5 91. Kc5 Kd7 92. Kxb5 Kd6 93. Kc4 Kd7 94. Kc5 Kc7 95. d6+ Kd7 96. Kd5 Kd8 97. Kc6 Kc8 98. Kd5 Kd8 99. Kc5 Kd7 100. Kd5 Kd8 1/2-1/2


[Site "https://www.chess.com"]

[Event "Titled Tuesday Blitz July 4 Early 2023"]
[White "Petrosian, Karlen"]
[Black "Pham, Le Thao Nguyen"]
[WhiteFideId "4176146"]
[BlackFideId "12401226"]
[WhiteElo "2679"]
[BlackElo "2514"]
[Result "1-0"]
[Round "9"]
[TimeControl "180+2"]
[Date "2023.07.04"]
[WhiteClock "0:00:07"]
[BlackClock "0:00:00"]
[Board "50"]

1. e4 c5 2. c3 d5 3. exd5 Qxd5 4. d4 Nf6 5. Nf3 e6 6. Na3 Qd8 7. Nc2 Nc6 8. Bd3 Be7 9. O-O O-O 10. Qe2 b6 11. Rd1 Qc7 12. dxc5 Bxc5 13. Bg5 Be7 14. Ncd4 Nxd4 15. Nxd4 Bb7 16. Qe3 a6 17. Qh3 g6 18. Re1 e5 19. Nf3 Bxf3 20. Qxf3 Nh5 21. Bh6 Rfe8 22. a4 Bf8 23. Bg5 Bg7 24. Be4 Rab8 25. Bc6 Rec8 26. Bd5 Nf4 27. Bxf4 exf4 28. Re4 g5 29. Rae1 Rf8 30. h3 Qc5 31. Re7 Rbd8 32. Bb3 h6 33. Qh5 Qf5 34. Qe2 Qf6 35. Bc2 a5 36. Qe4 Qg6 37. Qxg6 fxg6 38. Bxg6 Rf6 39. R7e6 Rxe6 40. Rxe6 Rb8 41. f3 Bf8 42. Kf1 Bc5 43. Be4 Kg7 44. Ke2 Rd8 45. Rg6+ Kf7 46. Rxh6 Re8 47. Kd3 Kg7 48. Rh7+ Kf6 49. Rd7 Re7 50. Rd5 Re6 51. Rf5+ Kg6 52. Rxf4+ Kh5 53. Rf5 Rd6+ 54. Ke2 Bg1 55. Rf7 Kh4 56. g4 Bh2 57. Rh7+ Kg3 58. Rh5 Kf4 59. Rh8 Kg3 60. Rf8 Kxh3 61. Rf5 Bf4 62. Rd5 Rh6 63. b4 Kg3 64. bxa5 bxa5 65. Rxa5 Rh2+ 66. Kd3 Ra2 67. Ra8 Kf2 68. Kc4 Ke3 69. Kb3 Ra1 70. a5 Be5 71. a6 Rc1 72. Rc8 Ra1 73. Bb7 Bf4 74. Re8+ Kf2 75. Kb4 Be3 76. Kc4 Ra4+ 77. Kd3 Bf4 78. Re2+ Kg3 79. Re7 Ra3 80. Rd7 Kf2 81. Rd5 Be3 82. Re5 Bf4 83. Re2+ Kg3 84. Rc2 Be5 85. Ke4 Bf4 86. c4 Ra4 87. Kf5 Be3 88. c5 Ra5 89. Ke6 Bxc5 90. Rxc5 Rxc5 91. a7 Ra5 92. a8=Q 1-0


[Site "https://www.chess.com"]

[Event "Titled Tuesday Blitz July 4 Early 2023"]
[White "Chor, Kevin"]
[Black "Velikanov, Alexander"]
[WhiteFideId "2090740"]
[BlackFideId "2039290"]
[WhiteElo "2487"]
[BlackElo "2673"]
[Result "1-0"]
[Round "9"]
[TimeControl "180+2"]
[Date "2023.07.04"]
[WhiteClock "0:00:08"]
[BlackClock "0:00:00"]
[Board "51"]

1. e4 c5 2. Nf3 Nc6 3. d4 cxd4 4. Nxd4 Nf6 5. Nc3 Rb8 6. Be2 e5 7. Ndb5 d6 8. Bg5 a6 9. Na3 b5 10. Nd5 Be7 11. Bxf6 Bxf6 12. c3 Bg5 13. Nc2 O-O 14. O-O g6 15. Nce3 Bh6 16. b4 f5 17. exf5 gxf5 18. a4 Kh8 19. axb5 axb5 20. c4 bxc4 21. Nxc4 Nd4 22. Ra7 Be6 23. Nc7 Bg8 24. b5 Bg7 25. Na5 Rf7 26. Ne6 Nxe6 27. Nc6 Rxa7 28. Nxd8 Rxd8 29. Bc4 Nd4 30. Bxg8 Rxg8 31. Qd3 Rb7 32. Rb1 Rgb8 33. Qc4 h6 34. Qd3 Rxb5 35. Rxb5 Rxb5 36. h3 e4 37. Qc4 Rc5 38. Qf7 Ne2+ 39. Kf1 Nf4 40. Qe8+ Kh7 41. Ke1 Nxg2+ 42. Kd2 Nh4 43. Qe7 Rd5+ 44. Kc2 Rd3 45. Qxh4 Rf3 46. Kd2 Bd4 47. Qe7+ Kg6 48. Qxd6+ Bf6 49. Ke2 Kg5 50. h4+ Kg6 51. Qe6 Rh3 52. Qg8+ Bg7 53. Qe6+ Bf6 54. Qe8+ Kg7 55. h5 Rh4 56. Qg6+ Kh8 57. Qxf6+ Kg8 58. Qxh4 Kh8 59. Qf6+ Kh7 60. Qg6+ Kh8 61. Qxh6+ 1-0


[Site "https://www.chess.com"]

[Event "Titled Tuesday Blitz July 4 Early 2023"]
[White "Begunov, Konstantin"]
[Black "Zhu, Jiner"]
[WhiteFideId "4118510"]
[BlackFideId "8608059"]
[WhiteElo "2477"]
[BlackElo "2664"]
[Result "1-0"]
[Round "9"]
[TimeControl "180+2"]
[Date "2023.07.04"]
[WhiteClock "0:01:33"]
[BlackClock "0:01:35"]
[Board "52"]

1. d4 Nf6 2. c4 g6 3. f3 Bg7 4. e4 d6 5. Nc3 O-O 6. Be3 c5 7. dxc5 dxc5 8. Qxd8 Rxd8 9. Bxc5 Nc6 10. Nd5 Nxd5 11. cxd5 Bxb2 12. Rb1 Bc3+ 13. Kf2 Bd4+ 14. Bxd4 Nxd4 15. Ke3 e5 16. Ne2 Nc2+ 17. Kd3 Nd4 18. Nxd4 exd4 19. Kxd4 b6 20. Bd3 Bb7 21. Rhc1 Rd7 22. Rc3 Rad8 23. Bb5 Rxd5+ 24. exd5 Rxd5+ 25. Ke3 1-0


[Site "https://www.chess.com"]

[Event "Titled Tuesday Blitz July 4 Early 2023"]
[White "Kopczynski, Michal"]
[Black "Koellner, Ruben Gideon"]
[WhiteFideId "1124200"]
[BlackFideId "12993093"]
[WhiteElo "2473"]
[BlackElo "2660"]
[Result "0-1"]
[Round "9"]
[TimeControl "180+2"]
[Date "2023.07.04"]
[WhiteClock "0:00:36"]
[BlackClock "0:00:20"]
[Board "53"]

1. e4 d6 2. d4 Nf6 3. Bd3 e5 4. d5 Be7 5. c4 O-O 6. Ne2 Nbd7 7. f3 c6 8. O-O a6 9. a4 a5 10. Nbc3 Qb6+ 11. Kh1 Nc5 12. Bc2 Nh5 13. Be3 g6 14. Rb1 f5 15. exf5 gxf5 16. f4 e4 17. Nd4 Nf6 18. Qe1 Ng4 19. Bg1 Bf6 20. Nb3 e3 21. Nc1 Re8 22. h3 Nh6 23. Bxe3 Bd7 24. Qf2 Qb4 25. dxc6 Bxc6 26. Nd5 Bxd5 27. cxd5 Ne4 28. Qe1 Qc4 29. Bb3 Qxf1+ 30. Qxf1 Ng3+ 31. Kg1 Nxf1 32. Bf2 Nd2 33. Ra1 Bxb2 34. Ra2 Bxc1 35. Bd1 Ne4 36. Bh4 Bxf4 37. Rb2 Bg3 38. Bxg3 Nxg3 39. Kh2 f4 40. Rxb7 Re1 0-1


[Site "https://www.chess.com"]

[Event "Titled Tuesday Blitz July 4 Early 2023"]
[White "Tan, Jun Ying"]
[Black "Streltsov, Alexey"]
[WhiteFideId "5710413"]
[BlackFideId "24104434"]
[WhiteElo "2647"]
[BlackElo "2464"]
[Result "1-0"]
[Round "9"]
[TimeControl "180+2"]
[Date "2023.07.04"]
[WhiteClock "0:00:26"]
[BlackClock "0:01:10"]
[Board "54"]

1. d4 d5 2. c4 e6 3. Nc3 c6 4. Nf3 dxc4 5. e4 b5 6. Be2 Bb7 7. O-O Nd7 8. Rb1 Be7 9. b3 cxb3 10. Qxb3 Ngf6 11. e5 Nd5 12. Nxd5 exd5 13. e6 fxe6 14. Qe3 e5 15. dxe5 O-O 16. Nd4 Qb8 17. f4 Bc5 18. Bb2 Re8 19. Qh3 Nf8 20. Kh1 Bc8 21. Qh5 Qb6 22. Qxe8 Bxd4 23. Bxd4 Qxd4 24. Qxc6 Rb8 25. Rxb5 Bd7 26. Qxd5+ Qxd5 27. Rxd5 Be6 28. Rd2 g6 29. Bf3 Nd7 30. Bd5 Nc5 31. Bxe6+ Nxe6 32. g3 a5 33. Kg2 a4 34. Rfd1 Kg7 35. Rd6 Nc5 36. R1d2 Ne4 37. Rd7+ Kh6 38. Rc2 a3 39. Rcc7 Rb2+ 40. Kh3 g5 41. Rc6+ Kh5 42. Rxh7# 1-0


[Site "https://www.chess.com"]

[Event "Titled Tuesday Blitz July 4 Early 2023"]
[White "Soham Kamotra"]
[Black "Grossboss19"]
[WhiteFideId "46647490"]
[WhiteElo "2641"]
[BlackElo "2451"]
[Result "1/2-1/2"]
[Round "9"]
[TimeControl "180+2"]
[Date "2023.07.04"]
[WhiteClock "0:00:36"]
[BlackClock "0:00:15"]
[Board "55"]

1. d4 Nf6 2. Nc3 d5 3. Bf4 e6 4. Nb5 Na6 5. e3 c6 6. Nc3 Bd6 7. Bxd6 Qxd6 8. Bxa6 bxa6 9. Nf3 O-O 10. O-O c5 11. dxc5 Qxc5 12. Qd4 Qxd4 13. exd4 Bd7 14. Ne5 Rab8 15. Rab1 Rfc8 16. Rfe1 Bb5 17. Rbc1 Be8 18. Nd3 a5 19. Rb1 Bb5 20. Nxb5 Rxb5 21. Nc5 Rc7 22. a4 Rb6 23. c3 Nd7 24. b4 g6 25. f4 axb4 26. cxb4 Kf8 27. Kf2 Ke7 28. Ke3 Kd6 29. Rec1 a5 30. Nxd7 Rxc1 31. Rxc1 Kxd7 32. b5 Rb7 33. Rc6 Rc7 34. Rxc7+ Kxc7 35. Kf3 h6 36. g4 Kd6 37. Ke3 Kc7 38. Kd3 Kd6 39. Kd2 Kc7 40. Ke3 Kd6 41. Kf3 Kc7 42. f5 g5 43. h4 Kd6 44. Ke3 Kc7 45. f6 Kb6 46. Kf3 Kc7 47. Kf2 Kd6 48. Ke1 Kc7 49. Kd2 Kb6 50. Kd3 Kc7 51. Ke3 Kb6 52. Kf3 Kc7 53. Kg3 Kb6 54. Kh3 Kc7 55. Kg2 Kb6 56. Kh2 Kc7 57. Kg2 Kb6 58. Kg1 Kc7 59. Kh1 Kb6 60. Kg2 Kc7 61. hxg5 hxg5 62. Kf3 Kb6 63. Ke3 Kc7 64. Kd3 Kb6 65. Kc3 Kc7 66. Kb3 Kb6 67. Kc2 Kc7 68. Kb2 Kb7 69. Ka1 Kb6 70. Ka2 Kc7 71. Ka3 Kb7 72. Kb2 Kb6 73. Kc2 Kc7 74. Kc1 Kb7 75. Kd1 Kb6 76. Ke1 Kc7 77. Kf1 Kd6 78. Kg1 Kc7 79. Kg2 Kb6 80. Kg3 Kc7 81. Kf3 Kb6 82. Ke3 Kc7 83. Kd3 Kb7 84. Kc3 Kb6 85. Kb3 Kc7 86. Ka3 Kb6 87. Ka2 Kc7 88. Kb2 Kb6 89. Kc2 1/2-1/2


[Site "https://www.chess.com"]

[Event "Titled Tuesday Blitz July 4 Early 2023"]
[White "Komov, Roman"]
[Black "Zia, Tahsin Tajwar"]
[WhiteFideId "24175714"]
[BlackFideId "10211888"]
[WhiteElo "2641"]
[BlackElo "2446"]
[Result "1-0"]
[Round "9"]
[TimeControl "180+2"]
[Date "2023.07.04"]
[WhiteClock "0:00:10"]
[BlackClock "0:00:01"]
[Board "56"]

1. e4 c6 2. d4 d5 3. Nc3 a6 4. Nf3 Bg4 5. e5 e6 6. h3 Bxf3 7. Qxf3 c5 8. dxc5 Nc6 9. Bf4 Bxc5 10. Qg3 g6 11. Bd3 Qc7 12. O-O h6 13. Rfe1 Nge7 14. Rad1 g5 15. Bc1 Bd4 16. Bf1 Bxe5 17. Qf3 f5 18. Qh5+ Kd7 19. Na4 Qa5 20. b3 Raf8 21. Be3 f4 22. Bb6 Qb4 23. Bc5 Qa5 24. Bb6 Qb4 25. Bc5 Qa5 26. a3 Bc7 27. Qg4 Rf5 28. Bd3 h5 29. Qf3 Re5 30. Rxe5 Nxe5 31. Qe2 Nxd3 32. cxd3 b5 33. Bb4 Qxb4 34. axb4 bxa4 35. bxa4 Rb8 36. Re1 Rb6 37. d4 Nf5 38. a5 Rc6 39. b5 axb5 40. Qxb5 Nxd4 41. Qa4 Nf5 42. Rxe6 Kxe6 43. Qxc6+ Bd6 44. a6 d4 45. a7 d3 46. a8=Q d2 47. Qae8+ Ne7 48. Qe4+ 1-0


[Site "https://www.chess.com"]

[Event "Titled Tuesday Blitz July 4 Early 2023"]
[White "Kukreja Sankalp"]
[Black "Vaibhav Jayant Raut"]
[WhiteFideId "45027676"]
[BlackFideId "5089034"]
[WhiteElo "2427"]
[BlackElo "2638"]
[Result "1-0"]
[Round "9"]
[TimeControl "180+2"]
[Date "2023.07.04"]
[WhiteClock "0:00:21"]
[BlackClock "0:00:02"]
[Board "57"]

1. e4 c5 2. Nf3 e6 3. d4 cxd4 4. Nxd4 a6 5. Bd3 Ne7 6. O-O Nbc6 7. Be3 g6 8. f4 Bg7 9. Nxc6 bxc6 10. Nc3 d5 11. Bc5 O-O 12. e5 Re8 13. Na4 Bf8 14. Bb6 Qd7 15. Nc5 Qa7 16. Bxa7 Rxa7 17. Qe2 Nf5 18. Nxa6 c5 19. Bb5 Rd8 20. Nb8 Nd4 21. Qd3 Bb7 22. c3 Nxb5 23. Qxb5 Rxb8 24. a4 Rba8 25. a5 Ba6 26. Qa4 Bxf1 27. Kxf1 Rb8 28. b3 Ra6 29. Rb1 Rba8 30. b4 d4 31. bxc5 Rxa5 32. Qd7 R8a7 33. Qxd4 Bxc5 34. Qd8+ Kg7 35. Qf6+ Kh6 36. Ke2 Ra2+ 37. Kf3 Rf2+ 38. Kg3 Raa2 39. Qg5+ Kg7 40. Kh3 Rfe2 41. Rb7 Re3+ 42. g3 Ree2 43. Qf6+ Kh6 44. Rxf7 Rxh2+ 45. Kg4 Bf8 46. Qg5# 1-0


[Site "https://www.chess.com"]

[Event "Titled Tuesday Blitz July 4 Early 2023"]
[White "Niekras, Dawid"]
[Black "Chyngyz, Sultai"]
[WhiteFideId "1160451"]
[BlackFideId "13803158"]
[WhiteElo "2629"]
[BlackElo "2391"]
[Result "1-0"]
[Round "9"]
[TimeControl "180+2"]
[Date "2023.07.04"]
[WhiteClock "0:00:11"]
[BlackClock "0:00:43"]
[Board "58"]

1. e4 c5 2. Nf3 d6 3. Nc3 Nf6 4. e5 dxe5 5. Nxe5 e6 6. Bb5+ Bd7 7. Nxd7 Nbxd7 8. d4 a6 9. Be2 cxd4 10. Qxd4 Bc5 11. Qh4 O-O 12. O-O h6 13. Ne4 Nxe4 14. Qxe4 Nf6 15. Qxb7 Qd4 16. Be3 Qe5 17. Bxc5 Qxc5 18. Bd3 Rab8 19. Qxa6 Rxb2 20. Qa4 e5 21. Rab1 Rxb1 22. Rxb1 Rd8 23. g3 Qd5 24. Re1 e4 25. Bxe4 Qd2 26. Rf1 h5 27. Bf3 Rd4 28. Qa8+ Kh7 29. Qa7 Rd7 30. Qc5 h4 31. Qf5+ Kg8 32. Rd1 Qxd1+ 33. Bxd1 Rxd1+ 34. Kg2 hxg3 35. hxg3 Ra1 36. Qc8+ Kh7 37. Qf5+ Kg8 38. Qc8+ Kh7 39. Qc4 Kg6 40. a4 Nh5 41. Qd3+ f5 42. Qd6+ Kh7 43. Qd7 f4 44. Qf5+ g6 45. Qf7+ Kh6 46. g4 Ng7 47. Qxf4+ Kh7 48. Qd4 Ra2 49. Qc4 Ra1 50. Qb4 Kg8 51. a5 Ne6 52. Qb8+ Kf7 53. Qb7+ Kf8 54. Qc8+ Ke7 55. Qb7+ Kf8 56. Qb6 Nf4+ 57. Kf3 g5 58. Qf6+ Ke8 59. Qxa1 Kf7 60. Qe5 Ng6 61. Qf5+ Kg7 62. Qxg5 Kh7 63. Qxg6+ Kh8 64. Qg5 Kh7 65. Kf4 Kh8 66. Kf5 Kh7 67. Kf6 Kh8 68. Qg7# 1-0


[Site "https://www.chess.com"]

[Event "Titled Tuesday Blitz July 4 Early 2023"]
[White "Kononenko, Dmitry"]
[Black "Glavina, Pablo"]
[WhiteFideId "14113538"]
[BlackFideId "100234"]
[WhiteElo "2627"]
[BlackElo "2407"]
[Result "1-0"]
[Round "9"]
[TimeControl "180+2"]
[Date "2023.07.04"]
[WhiteClock "0:01:10"]
[BlackClock "0:01:08"]
[Board "59"]

1. e4 c6 2. d4 d5 3. exd5 cxd5 4. c4 Nf6 5. Nc3 Nc6 6. Nf3 a6 7. c5 g6 8. Bd3 Bg7 9. h3 O-O 10. O-O Bf5 11. Re1 e6 12. Bg5 h6 13. Bh4 Kh8 14. g4 Bxd3 15. Qxd3 b6 16. Rad1 bxc5 17. dxc5 Qa5 18. Rc1 Nd7 19. a3 Nxc5 20. Qd1 g5 21. Bg3 Rfc8 22. b4 Qxa3 23. bxc5 Bxc3 24. Re3 d4 25. Nxd4 Nxd4 26. Rexc3 Qb4 27. Be5+ 1-0


[Site "https://www.chess.com"]

[Event "Titled Tuesday Blitz July 4 Early 2023"]
[White "Fisher_TheGalactic"]
[Black "Slovineanu, Viacheslav"]
[BlackFideId "13900510"]
[WhiteElo "2623"]
[BlackElo "2349"]
[Result "1-0"]
[Round "9"]
[TimeControl "180+2"]
[Date "2023.07.04"]
[WhiteClock "0:00:18"]
[BlackClock "0:00:06"]
[Board "60"]

1. Nf3 d5 2. g3 Nd7 3. Bg2 e5 4. d3 Bd6 5. O-O Ngf6 6. Nbd2 O-O 7. e4 dxe4 8. dxe4 a5 9. Qe2 Re8 10. Rd1 b6 11. Nc4 Ba6 12. Bf1 Qe7 13. Nh4 g6 14. Bg5 Qe6 15. b3 Bxc4 16. bxc4 Nc5 17. f3 Be7 18. Be3 Na4 19. Qf2 Rad8 20. Rd3 Bc5 21. Rad1 Qe7 22. Ng2 Bxe3 23. Nxe3 Nc5 24. R3d2 c6 25. Bh3 Nfxe4 26. fxe4 Nxe4 27. Qg2 Nxd2 28. Rxd2 Qc5 29. Qe2 Rxd2 30. Qxd2 Qd4 31. Qf2 f5 32. Bf1 Rd8 33. Bd3 e4 34. Bf1 Kg7 35. h4 Qd2 36. Qf4 Qd6 37. Qg5 Qf6 38. Nxf5+ Qxf5 39. Qxd8 e3 40. Qd4+ Kf7 41. Qxe3 Qxc2 42. Qxb6 Qxa2 43. Qxc6 a4 44. Qd7+ Kf6 45. c5 a3 46. c6 Qb2 47. c7 a2 48. c8=Q a1=Q 49. Qf8+ Ke5 50. Qf4# 1-0


[Site "https://www.chess.com"]

[Event "Titled Tuesday Blitz July 4 Early 2023"]
[White "Arat, Ufuk Sezen"]
[Black "Molina, Roberto Junio Brito"]
[WhiteFideId "6309089"]
[BlackFideId "2109450"]
[WhiteElo "2582"]
[BlackElo "2837"]
[Result "1/2-1/2"]
[Round "9"]
[TimeControl "180+2"]
[Date "2023.07.04"]
[WhiteClock "0:00:14"]
[BlackClock "0:00:09"]
[Board "61"]

1. e4 c6 2. d4 d5 3. e5 Bf5 4. h4 Qb6 5. g4 Bd7 6. Nc3 h5 7. gxh5 Bf5 8. Bd3 Bxd3 9. Qxd3 e6 10. Nge2 Rxh5 11. Ng3 Rh8 12. Bg5 c5 13. dxc5 Bxc5 14. O-O-O Nc6 15. f4 Nge7 16. Bxe7 Bxe7 17. h5 O-O-O 18. Kb1 Kb8 19. Nge2 Na5 20. Nd4 Nc4 21. Nb3 a5 22. Qd4 Qxd4 23. Nxd4 Bc5 24. Nce2 Rh7 25. Rdg1 Rdh8 26. c3 Nd2+ 27. Kc2 Ne4 28. Ng3 Bxd4 29. cxd4 Nxg3 30. Rxg3 g6 31. Kb3 Rxh5 32. Rxh5 Rxh5 33. Ka4 b6 34. Kb5 Kb7 35. Rc3 Rh2 36. b3 Rxa2 37. Rc6 Ra3 38. Rxb6+ Kc7 39. Kc5 a4 40. b4 Rc3+ 41. Kb5 a3 42. Ra6 Kb7 43. Rb6+ Kc7 44. Ra6 Rd3 45. Ra7+ Kb8 46. Rxf7 a2 47. Rf8+ Kb7 48. Rf7+ Kb8 49. Rf8+ Kb7 50. Rf7+ Kb8 1/2-1/2


[Site "https://www.chess.com"]

[Event "Titled Tuesday Blitz July 4 Early 2023"]
[White "Mindhunter08"]
[Black "Amburgy, Ryan"]
[BlackFideId "30924820"]
[WhiteElo "2343"]
[BlackElo "2672"]
[Result "1-0"]
[Round "9"]
[TimeControl "180+2"]
[Date "2023.07.04"]
[WhiteClock "0:00:11"]
[BlackClock "0:00:16"]
[Board "62"]

1. e4 e5 2. Nf3 Nc6 3. Bc4 Bc5 4. c3 Nf6 5. d3 O-O 6. O-O d5 7. exd5 Nxd5 8. a4 a5 9. Nbd2 Nb6 10. Bb3 Kh8 11. Ne4 Be7 12. Nfg5 Bxg5 13. Nxg5 Bf5 14. Nxf7+ Rxf7 15. Bxf7 Bxd3 16. Re1 e4 17. Qh5 Qd6 18. Be3 Rf8 19. Bb3 Nd7 20. Rad1 Nde5 21. Bc2 Qe6 22. Bxd3 Nxd3 23. Re2 Qb3 24. Red2 Qxa4 25. Rb1 Qa2 26. Rf1 Qe6 27. Qb5 Nce5 28. Qxb7 Ng4 29. Qxc7 Qf5 30. Qg3 h5 31. h3 Nge5 32. Bd4 Rf7 33. Bxe5 Qxe5 34. Qxe5 Nxe5 35. Re1 Nc4 36. Rd8+ Kh7 37. Rxe4 Nxb2 38. Ra8 a4 39. Re5 g6 40. Rb5 Nd1 41. Rc5 Nb2 42. Rb5 Nd1 43. c4 Nc3 44. Rbb8 Ne4 45. Rxa4 Nxf2 46. c5 Nd3 47. c6 Ne5 48. Rb7 Kg7 49. Rxf7+ Nxf7 50. c7 Nd6 51. Ra8 Kf6 52. c8=Q Nxc8 53. Rxc8 Kg5 54. Ra8 Kh4 55. Ra5 g5 56. Kh2 g4 57. g3# 1-0


[Site "https://www.chess.com"]

[Event "Titled Tuesday Blitz July 4 Early 2023"]
[White "Matinian, Nikita"]
[Black "Sowa, Ryan"]
[WhiteFideId "24129100"]
[BlackFideId "30901693"]
[WhiteElo "2699"]
[BlackElo "2556"]
[Result "0-1"]
[Round "9"]
[TimeControl "180+2"]
[Date "2023.07.04"]
[WhiteClock "0:00:04"]
[BlackClock "0:00:23"]
[Board "63"]

1. Nf3 b6 2. g3 Bb7 3. Bg2 Nf6 4. O-O g6 5. b3 Bg7 6. Bb2 O-O 7. c4 c5 8. d4 cxd4 9. Qxd4 d6 10. Nc3 Nbd7 11. Nd5 Bxd5 12. cxd5 Nh5 13. Qd2 Bxb2 14. Qxb2 Rc8 15. Nd4 Nb8 16. Rac1 Qd7 17. b4 Rxc1 18. Rxc1 Rc8 19. Rxc8+ Qxc8 20. Qc2 Qxc2 21. Nxc2 Nf6 22. Nd4 Kf8 23. f4 Ke8 24. e4 Kd8 25. h3 h6 26. Kf2 Kc7 27. Ke3 Kd7 28. Bf3 e6 29. dxe6+ fxe6 30. e5 dxe5 31. fxe5 Ne8 32. b5 Nc7 33. h4 Ke7 34. a4 a6 35. Kf4 axb5 36. axb5 Nd7 37. Be4 Kf7 38. Bc6 Nc5 39. Ke3 g5 40. h5 Na4 41. Nf3 Nc3 42. Nd4 Na4 43. Kd3 Nc5+ 44. Kc4 Na4 45. Be4 Nc5 46. Bg6+ Ke7 47. Nc6+ Kd7 48. Bc2 Nd5 49. Nb8+ Kc7 50. Na6+ Nxa6 51. bxa6 Ne3+ 52. Kd3 Nxc2 53. Kxc2 Kb8 54. Kb3 Ka7 55. Kc4 Kxa6 56. Kb4 Kb7 57. Kb5 Kc7 58. g4 Kb7 59. Kc4 Kc6 60. Kb4 Kd5 61. Kb5 Kxe5 62. Kxb6 Kf4 63. Kc5 e5 64. Kd6 e4 0-1


[Site "https://www.chess.com"]

[Event "Titled Tuesday Blitz July 4 Early 2023"]
[White "Cherniaiev, Tykhon"]
[Black "Fonseca Manrique, Enrique"]
[WhiteFideId "14182360"]
[BlackFideId "5114330"]
[WhiteElo "2690"]
[BlackElo "2541"]
[Result "1-0"]
[Round "9"]
[TimeControl "180+2"]
[Date "2023.07.04"]
[WhiteClock "0:00:08"]
[BlackClock "0:00:11"]
[Board "64"]

1. Nf3 Nf6 2. d4 g6 3. c4 c5 4. g3 Bg7 5. Bg2 O-O 6. O-O cxd4 7. Nxd4 Nc6 8. Nc3 Ng4 9. e3 d6 10. b3 Nxd4 11. exd4 Nh6 12. Bxh6 Bxh6 13. Re1 Bg7 14. Qd2 e6 15. Rad1 Rb8 16. Qf4 Bf6 17. Ne4 Be7 18. c5 g5 19. Qe3 d5 20. Nc3 Bd7 21. Nxd5 Bc6 22. Nxe7+ Qxe7 23. d5 Bb5 24. dxe6 f6 25. a4 Bc6 26. Bxc6 bxc6 27. Rd7 Qe8 28. Rxa7 Qg6 29. Rc7 f5 30. e7 Rfe8 31. Qf3 Rbc8 32. Rxc8 Rxc8 33. a5 Re8 34. Qd3 h5 35. a6 h4 36. a7 Qf6 37. Qd7 Kf7 38. Qxe8+ Kxe8 39. a8=Q+ Kf7 40. e8=Q+ Kg7 41. Qh8+ Kg6 42. Qag8+ Qg7 43. Qgxg7# 1-0


[Site "https://www.chess.com"]

[Event "Titled Tuesday Blitz July 4 Early 2023"]
[White "Akhmedinov, Satbek"]
[Black "Jovic, Stanoje"]
[WhiteFideId "13714287"]
[BlackFideId "905020"]
[WhiteElo "2670"]
[BlackElo "2542"]
[Result "1-0"]
[Round "9"]
[TimeControl "180+2"]
[Date "2023.07.04"]
[WhiteClock "0:00:51"]
[BlackClock "0:00:00"]
[Board "65"]

1. e4 c6 2. Nf3 d5 3. Nc3 Nf6 4. e5 Ne4 5. Ne2 Qb6 6. d4 f6 7. Ng3 Bg4 8. Be2 Bxf3 9. Bxf3 Nxg3 10. hxg3 fxe5 11. dxe5 Nd7 12. Bh5+ Kd8 13. e6 Nf6 14. Bg6 c5 15. Bf5 g6 16. Bxg6 Bg7 17. Bf5 Rc8 18. c3 Rc6 19. Qe2 Kc8 20. f3 Rd8 21. O-O d4 22. c4 Rcd6 23. Qd3 h5 24. Bf4 Rc6 25. Rfb1 Ne8 26. b4 cxb4 27. a3 Nd6 28. Rxb4 Qa6 29. Bxd6 Rdxd6 30. Rab1 b6 31. Qb3 Rc5 32. Rb5 Rdc6 33. Be4 Rc7 34. Bd5 Kb8 35. Qb4 Rxb5 36. cxb5 Qc8 37. Kh2 Rc1 38. Rxc1 Qxc1 39. Qxe7 Qc7 40. Qe8+ Qc8 41. Qf7 Qc7 42. e7 1-0


[Site "https://www.chess.com"]